 Dungeon Crawl Stone Soup version 0.29.0-5-ge4962eb29e (webtiles) character file.

Game seed: 12363333978293521523

56 Turgor the Grasshopper (level 3, 31/31 HPs)
             Began as a Gnoll Warper on Aug 29, 2022.
             Was a Believer of Elyvilon.
             Quit the game on level 3 of the Dungeon.
             The game lasted 00:06:15 (2022 turns).

Turgor the Grasshopper (Gnoll Warper)               Turns: 2022, Time: 00:06:16

Health: 31/31      AC:  3    Str: 10    XL:     3   Next: 95%
Magic:  9/9        EV: 12    Int: 14    God:    Elyvilon [**....]
Gold:   49         SH:  0    Dex: 11    Spells: 7/12 levels left

rFire   . . .      SeeInvis .   a - +0 hand axe
rCold   . . .      Faith    .   (no shield)
rNeg    . . .      Spirit   .   b - +0 leather armour
rPois   .          Reflect  .   (no helmet)
rElec   .          Harm     .   (no cloak)
rCorr   .          Rampage  .   (no gloves)
Will    .....                   (no boots)
Stlth   +.........              (no amulet)
HPRegen 0.10/turn               (no ring)
MPRegen 0.11/turn               (no ring)

@: no status effects
A: fangs 1, strong nose, distributed training
a: Renounce Religion, Purification, Heal Other


You were on level 3 of the Dungeon.
You worshipped Elyvilon.
Elyvilon was pleased with you.
You visited 1 branch of the dungeon, and saw 3 of its levels.

You collected 49 gold pieces.

Inventory:

Hand Weapons
 a - a +0 hand axe (weapon)
 e - a +0 eveningstar
 f - a +0 sling
Missiles
 d - a boomerang of dispersal (quivered)
Armour
 b - a +0 leather armour (worn)
Jewellery
 j - an amulet of faith
Scrolls
 c - 2 scrolls of blinking
 h - 3 scrolls of teleportation {unknown}
 l - a scroll of magic mapping {unknown}
 m - a scroll of amnesia {unknown}
Potions
 g - a potion of brilliance
 i - a potion of curing
 n - a potion of flight


   Skills:
 + Level 4.6 Fighting
 + Level 1.0 Short Blades
 + Level 1.0 Long Blades
 + Level 4.6 Axes
 + Level 1.0 Maces & Flails
 + Level 1.0 Polearms
 + Level 1.0 Staves
 + Level 1.0 Ranged Weapons
 + Level 2.7 Throwing
 + Level 2.7 Armour
 + Level 4.6 Dodging
 + Level 1.0 Stealth
 + Level 1.0 Shields
 + Level 1.0 Unarmed Combat
 + Level 5.0 Spellcasting
 + Level 0.7 Conjurations
 + Level 0.7 Hexes
 + Level 0.7 Summonings
 + Level 0.7 Necromancy
 + Level 5.4 Translocations
 + Level 0.7 Transmutations
 + Level 0.7 Fire Magic
 + Level 0.7 Ice Magic
 + Level 0.7 Air Magic
 + Level 0.7 Earth Magic
 + Level 0.7 Poison Magic
 + Level 1.1 Invocations
 + Level 1.0 Evocations


You had 7 spell levels left.
You knew the following spells:

 Your Spells              Type           Power      Damage    Failure   Level
a - Blink                 Tloc           36%        N/A       3%          2
b - Lesser Beckoning      Tloc           18%        N/A       8%          3

Your spell library contained the following spells:

 Spells                   Type           Power      Damage    Failure   Level
 Gell's Gravitas          Tloc           18%        N/A       8%          3
 Teleport Other           Tloc           18%        N/A       8%          3
 Manifold Assault         Tloc           18%        N/A       56%         5


Dungeon Overview and Level Annotations

Branches:
Dungeon (3/15)

Altars:
Elyvilon


Innate Abilities, Weirdness & Mutations

You have very sharp teeth.
Your uncanny sense of smell can sniff out nearby items.
Your experience applies equally to all skills.


Message History

You hit the orc.
You kill the orc!
n - a bubbling amethyst potion
Things that are here:
a +0 club; a +0 leather armour
Things that are here:
a +0 war axe; 3 stones; an orc corpse
As you read the scroll labelled OMUYFE XEZUIVUH, it crumbles to dust.
It is a scroll of identify.
g - a potion of brilliance
As you read the scroll of identify, it crumbles to dust.
i - a potion of curing
As you read the scroll of identify, it crumbles to dust.
k - a potion of degeneration
As you read the scroll of identify, it crumbles to dust.
n - a potion of flight You drop a potion of degeneration.
You start resting.
HP restored.
An endoplasm comes into view.
Okay, then.
The endoplasm quivers.
You hit the endoplasm.
The endoplasm is severely wounded.
The endoplasm freezes you.
You are frozen.
You hit the endoplasm.
You kill the endoplasm!
You now have 49 gold pieces (gained 3).
j - an amulet of faith Unknown command.
Okay, then.
Unknown command.
Unknown command.
Save game and exit?
Welcome back, Turgor the Gnoll Warper.
Elyvilon says: Go forth and aid the weak!
Press ? for a list of commands and other information.
Unknown command.
Are you sure you want to abandon this character and quit the game? (Confirm with "yes".)

######### #.^.....#
#...@...########
#..............#
#..............#
.................#
.....###..........#
..... #...........#
.....##...........#
.....##...<.......#
#...+......#######


There were no monsters in sight!

Vanquished Creatures
  A gnoll (D:1)
  An adder (D:3)
  2 dart slugs (D:1)
  3 orcs (D:3)
  A bat (D:1)
  An endoplasm (D:3)
  A giant cockroach (D:3)
  4 goblins
  3 hobgoblins
  2 jackals (D:3)
  2 quokkas
  A ball python (D:2)
  2 frilled lizards
  3 kobolds
  2 rats
29 creatures vanquished.

Vanquished Creatures (others)
  A plant (D:2)
1 creature vanquished.

Grand Total: 30 creatures vanquished

Notes
Turn   | Place    | Note
-------+----------+-------------------------------------------
     0 | D:1      | Turgor the Gnoll Warper began the quest for the Orb.
     0 | D:1      | Reached XP level 1. HP: 20/20 MP: 6/6
   140 | D:1      | Reached XP level 2. HP: 20/26 MP: 7/7
   402 | D:1      | Found a faded altar of an unknown god.
   411 | D:1      | Prayed at the altar of an unknown god.
   411 | D:1      | Became a worshipper of Elyvilon the Healer
   411 | D:1      | Reached * piety under Elyvilon
   914 | D:2      | Reached skill level 5 in Spellcasting
   914 | D:2      | Reached XP level 3. HP: 31/31 MP: 7/9
   917 | D:2      | Learned a level 2 spell: Blink
   921 | D:2      | Learned a level 3 spell: Lesser Beckoning
  1110 | D:2      | Reached ** piety under Elyvilon
  1568 | D:2      | Reached skill level 1 in Invocations
  1568 | D:2      | You fall into a shaft and drop 1 floor!
  1730 | D:3      | Reached skill level 1 in Short Blades
  1730 | D:3      | Reached skill level 1 in Long Blades
  1730 | D:3      | Reached skill level 1 in Maces & Flails
  1730 | D:3      | Reached skill level 1 in Polearms
  1730 | D:3      | Reached skill level 1 in Staves
  1730 | D:3      | Reached skill level 1 in Ranged Weapons
  1730 | D:3      | Reached skill level 1 in Stealth
  1730 | D:3      | Reached skill level 1 in Shields
  1730 | D:3      | Reached skill level 1 in Unarmed Combat
  1730 | D:3      | Reached skill level 1 in Evocations
  2022 | D:3      | Quit the game

Illustrated notes

Levels and vault maps discovered:
D:1:      lemuel_arrival_hallway, layout_loops_ring, basic_ecumenical_altar
D:2:      layout_basic, corexii_shack, chequers_serial_rivers_micro_d
D:3:      layout_basic, minmay_misc_feat_doors

Skill      XL: |  1  2  3 |
---------------+----------+-----
Spellcasting   | 5 |  5.0
Invocations    | 1 |  1.1
Short Blades   | 1 |  1.0
Long Blades    | 1 |  1.0
Maces & Flails | 1 |  1.0
Polearms       | 1 |  1.0
Staves         | 1 |  1.0
Ranged Weapons | 1 |  1.0
Stealth        | 1 |  1.0
Shields        | 1 |  1.0
Unarmed Combat | 1 |  1.0
Evocations     | 1 |  1.0
Fighting       | |  4.6
Axes           | |  4.6
Throwing       | |  2.7
Armour         | |  2.7
Dodging        | |  4.6
Conjurations   | |  0.7
Hexes          | |  0.7
Summonings     | |  0.7
Necromancy     | |  0.7
Translocations | |  5.4
Transmutations | |  0.7
Fire Magic     | |  0.7
Ice Magic      | |  0.7
Air Magic      | |  0.7
Earth Magic    | |  0.7
Poison Magic   | |  0.7

Action                   || total
-------------------------++-------
Melee: Hand axe          ||    93
       Bite              ||     4
       Punch             ||     1
 Fire: Sling             ||     1
Throw: Boomerang         ||     6
 Cast: Blink             ||     1
  Use: Scroll            ||     4
 Stab: Sleeping          ||     1
Armor: Leather armour    ||    18
Dodge: Dodged            ||    53
